 Dungeon Crawl Stone Soup version 0.28.0-62-gf88900778d (webtiles) character file.

Game seed: 4568975427947409756

1899 TittyCrusher the Covered (level 9, -2/54 HPs)
             Began as a Gargoyle Earth Elementalist on May 17, 2023.
             Slain by a boulder beetle (50 damage)
             ... on level 6 of the Dungeon.
             The game lasted 00:21:43 (6548 turns).

TittyCrusher the Covered (GrEE)                     Turns: 6548, Time: 00:21:44

Health: -2/54      AC: 19    Str: 14    XL:     9   Next: 15%
Magic:  11/15      EV: 14    Int: 24    God:
Gold:   260        SH:  0    Dex: 10    Spells: 12/16 levels left

rFire   . . .      SeeInvis +   b - +2 hunting sling (flame)
rCold   . . .      Faith    .   v - orb {light}
rNeg    + . .      Spirit   .   q - +0 ring mail
rPois   ∞          Reflect  .   (no helmet)
rElec   +          Harm     .   e - +0 cloak of an ice cave {Will+ Str+2 Int+4 SInv}
rCorr   .          Rampage  .   g - +2 pair of gloves
Will    +....                   n - +1 pair of boots
Stlth   +.........              (no amulet)
HPRegen 0.18/turn               h - +4 ring of evasion
MPRegen 0.14/turn               D - ring of flight

@: flying, glowing
A: sickness immunity, AC +6, negative energy resistance 1, electricity
resistance, torment resistance 1, petrification resistance
a: no special abilities


You were on level 6 of the Dungeon.
You visited 1 branch of the dungeon, and saw 6 of its levels.
You also visited: Sewer.

You collected 260 gold pieces.

Inventory:

Hand Weapons
 a - a +1 dagger of venom
 b - a +2 hunting sling of flaming (weapon)
 r - a +0 lajatang
 H - a +0 quarterstaff
 J - a +3 hand axe of flaming
 K - a +2 vampiric halberd
Missiles
 c - 67 stones (quivered ammo)
 j - 2 javelins
 l - 28 sling bullets
 t - 3 throwing nets
 u - 43 bolts
 G - 3 atropa-tipped darts
Armour
 e - the +0 cloak of an ice cave (worn) {Will+ Str+2 Int+4 SInv}
   (You acquired it on level 2 of the Dungeon)

   Str:       It affects your strength (+2).
   Int:       It affects your intelligence (+4).
   SInv:      It lets you see invisible.
   Will:      It increases your willpower.
 g - a +2 pair of gloves (worn)
 n - a +1 pair of boots (worn)
 o - a +0 robe
 q - a +0 ring mail (worn)
 v - an orb of light (worn)
Magical Staves
 I - a staff of cold
Jewellery
 h - a +4 ring of evasion (left hand)
 m - a ring of fire
 D - a ring of flight (right hand)
Wands
 z - a wand of iceblast (6)
Scrolls
 d - 4 scrolls of teleportation
 f - a scroll of blinking
 p - a scroll of magic mapping {unknown}
 s - a scroll of amnesia {unknown}
 y - 2 scrolls of fear
 C - a scroll of brand weapon {unknown}
 E - a scroll of immolation {unknown}
 F - a scroll of torment {unknown}
Potions
 k - a potion of degeneration {unknown}
 w - 2 potions of might
 x - a potion of attraction {unknown}
 A - 3 potions of curing
 B - a potion of lignification {unknown}


   Skills:
 - Level 5.1 Fighting
 - Level 6.5 Armour
 - Level 1.5 Dodging
 - Level 2.1 Stealth
 - Level 4.0 Spellcasting
 + Level 6.5 Conjurations
 - Level 0.7 Transmutations
 + Level 6.5 Earth Magic


You had 12 spell levels left.
You knew the following spells:

 Your Spells              Type           Power      Damage    Failure   Level
a - Sandblast             Erth           72%        2d16      1%          1
b - Stone Arrow           Conj/Erth      72%        3d11      3%          3

Your spell library contained the following spells:

 Spells                   Type           Power      Damage    Failure   Level
 Passwall                 Tmut/Erth      18%        N/A       6%          2
 Static Discharge         Conj/Air       20%        N/A       7%          2
 Petrify                  Tmut/Erth      22%        N/A       38%         4
 Hailstorm                Conj/Ice       20%        3d6       43%         4
 Leda's Liquefaction      Hex/Erth       10%        N/A       43%         4
 Call Canine Familiar     Summ           4%         N/A       47%         3
 Portal Projectile        Hex/Tloc       8%         N/A       47%         3
 Tukima's Dance           Hex            4%         N/A       47%         3
 Lightning Bolt           Conj/Air       10%        1d23      78%         5
 Silence                  Hex/Air        2%         N/A       99%         5
 Summon Mana Viper        Hex/Summ       4%         N/A       99%         5
 Maxwell's Capacitive Co  Air            2%         ∞         100%        8


Dungeon Overview and Level Annotations

Branches:
Dungeon (6/15)             Temple (0/1) D:5           Sewer (visited)

Altars:
Dithmenos
Yredelemnul

Annotations:
D:3 3 runed translucent doors, infinitevox's ghost, amateur DsWn
D:4 Edmund
D:5 exclusion: downstairs
D:6 Sigmund


Innate Abilities, Weirdness & Mutations

You are immune to sickness and miasma.
Your stone body is resilient. (AC +6)
You are immune to poison.
You resist negative energy. (rN+)
You are resistant to electric shocks. (rElec)
You are resistant to unholy torment.
You are immune to petrification.


Message History

Unknown command.
Casting: Stone Arrow (dangerous; 3% risk of failure)
Confirm with . or Enter, or press ? or * to list all spells.
Aiming: Sandblast (safe; 1% risk of failure)
Press: ? - help, Shift-Dir - straight line, f/p - boulder beetle
Aim: a boulder beetle (lightly wounded, ally target, haloed, 100% to hit)
The blast of sand hits the boulder beetle but does no damage.
The boulder beetle is lightly wounded.
c - 68 stones Your jelly hits the boulder beetle.
The boulder beetle is splashed with acid!
The acid corrodes the boulder beetle!
The boulder beetle leaps!
Unknown command.
Aiming: Iceblast
Press: ? - help, Shift-Dir - straight line, p - boulder beetle The mass of ice explodes!
The iceblast engulfs the boulder beetle.
The boulder beetle is lightly wounded.
The boulder beetle curls into a ball and begins rolling!
Unknown command.
Unknown command.
Unknown command.
Your adder bites the boulder beetle but does no damage.
Unknown command.
Unknown command.
Fire: 68 stones
Press: ? - help, Shift-Dir - straight line, f - boulder beetle
Aim: a boulder beetle (lightly wounded, rolling, covered in acid, ally target, haloed, 97% to hit)
Casting: Sandblast (safe; 1% risk of failure)
Confirm with . or Enter, or press ? or * to list all spells.
Aiming: Sandblast (safe; 1% risk of failure)
Press: ? - help, Shift-Dir - straight line, f - boulder beetle
Aim: a boulder beetle (lightly wounded, rolling, covered in acid, ally target, haloed, 100% to hit)
The blast of sand hits the boulder beetle.
The boulder beetle is lightly wounded.
c - 67 stones Your jelly hits the boulder beetle but does no damage.
The boulder beetle hits you!!!
Ouch! That really hurt!
You die...

#...#.#.#########
#.............#
#.#.#.##..###.#
#.#.#.##..# #.#
######.#.#.##..# #.#
#......#.#.##..###.#
.......#.#.##..#...#####
...°.J.#.#.##...........
....°SB@................
.......#.#....##########
.........######
...####### .#


You could see a boulder beetle (rolling, corroded, ally target), a friendly
jelly (summoned) and a friendly adder (summoned).

Vanquished Creatures
  Prince Ribbit (D:5)
  Grinder (D:6)
  2 ice beasts (D:5)
  A necrophage (D:4)
  A centaur (D:6)
  3 ogres
  A kobold brigand (D:5)
  A bullfrog (Sewer)
  A wyvern zombie (D:6)
  A howler monkey (D:5)
  2 hounds
  2 centaur skeletons (D:4)
  An iguana (D:6)
  3 orc priests
  2 bullfrog skeletons
  Natasha (thrice) (D:2)
  2 orc wizards (D:5)
  4 gnolls (D:6)
  8 adders
  A worm (D:3)
  2 dart slugs
  11 orcs
  15 endoplasms
  19 giant cockroaches
  4 hobgoblins
  4 jackals
  14 kobolds
  14 quokkas
  12 ball pythons
  4 bats
  13 frilled lizards
  8 rats
161 creatures vanquished.

Vanquished Creatures (others)
  11 plants (D:5)
11 creatures vanquished.

Grand Total: 172 creatures vanquished

Notes
Turn   | Place    | Note
-------+----------+-------------------------------------------
     0 | D:1      | TittyCrusher the Gargoyle Earth Elementalist began the
                  | quest for the Orb.
     0 | D:1      | Reached XP level 1. HP: 10/10 MP: 3/3
   276 | D:1      | Reached XP level 2. HP: 15/15 MP: 3/5
   819 | D:1      | Reached XP level 3. HP: 19/19 MP: 5/7
   823 | D:1      | Learned a level 3 spell: Stone Arrow
  1160 | D:1      | Reached skill level 1 in Conjurations
  1341 | D:2      | Identified a scroll of acquirement
  1343 | D:2      | Acquired the +0 cloak of an ice cave {Will+ Str+2 Int+4
                  | SInv}
  1882 | D:2      | Noticed Natasha
  1884 | D:2      | Killed Natasha
  1885 | D:2      | Reached XP level 4. HP: 24/24 MP: 5/8
  1982 | D:2      | Noticed Natasha
  1987 | D:2      | Killed Natasha
  2101 | D:2      | Noticed Natasha
  2117 | D:2      | Killed Natasha
  2118 | D:2      | Reached XP level 5. HP: 28/28 MP: 5/9
  2259 | D:3      | Found a runed translucent gate.
  2260 | D:3      | Found a runed translucent gate.
  2261 | D:3      | Found a runed translucent gate.
  2376 | D:3      | Found a faded altar of an unknown god.
  2596 | D:3      | Noticed infinitevox's ghost (amateur DsWn)
  2716 | D:4      | Found a glowing drain.
  2744 | Sewer    | Entered a sewer
  3131 | Sewer    | Reached XP level 6. HP: 32/32 MP: 10/10
  3705 | D:4      | Reached skill level 1 in Armour
  3813 | D:4      | Reached skill level 1 in Fighting
  3890 | D:4      | Noticed Edmund
  3991 | D:4      | Reached XP level 7. HP: 40/40 MP: 7/13
  4438 | D:4      | Got the Reference Book on Enchanting Snow
  4853 | D:5      | Entered Level 5 of the Dungeon
  4857 | D:4      | Reached skill level 5 in Fighting
  5175 | D:5      | Reached XP level 8. HP: 49/49 MP: 7/14
  5389 | D:5      | Found a basalt altar of Yredelemnul.
  5426 | D:5      | Reached skill level 5 in Armour
  5723 | D:5      | Found a staircase to the Ecumenical Temple.
  5795 | D:6      | Noticed Sigmund
  5919 | D:6      | Noticed Prince Ribbit
  5924 | D:6      | Reached skill level 5 in Conjurations
  5930 | D:5      | Killed Prince Ribbit
  5931 | D:5      | Reached skill level 5 in Earth Magic
  6125 | D:6      | Found a shadowy altar of Dithmenos.
  6150 | D:6      | Reached XP level 9. HP: 54/54 MP: 8/15
  6345 | D:6      | Noticed Grinder
  6355 | D:6      | Killed Grinder
  6538 | D:6      | Noticed a boulder beetle
  6548 | D:6      | Slain by a boulder beetle

Illustrated notes

Levels and vault maps discovered:
D:1:      wander_arrival_peaceful_grave, layout_loops_ring, minivault_4,
          minmay_tree_intersection
D:2:      layout_loops_cross, uniq_natasha
D:3:      layout_rooms, basic_ecumenical_altar, gammafunk_ghost_necromancy
D:4:      layout_basic, portal_sewer_entry_f, st_stairs_9, uniq_edmund
D:5:      layout_rooms, lemuel_coloured_pillars_altar,
          minmay_temple_entry_from_below_a, serial_rivers,
          chequers_serial_rivers_small_b, chequers_serial_rivers_marsh,
          chequers_serial_rivers_large_b, chequers_serial_rivers_micro_e,
          lexackson_kobold_supper
D:6:      kennysheep_spiral_hall, layout_basic, mainiacjoe_overflow_catwalk,
          uniq_pikel, uniq_sigmund, uniq_prince_ribbit1, uniq_grinder

Skill      XL: |  1  2  3  4  5  6  7  8  9 |
---------------+----------------------------+-----
Spellcasting   | 3 4 |  4.0
Conjurations   | 2 3 4 6 |  6.5
Earth Magic    | 4 5 6 |  6.5
Armour         | 1 3 6 |  6.5
Fighting       | 2 5 |  5.1
Dodging        | |  1.5
Stealth        | |  2.1
Transmutations | |  0.7

Action                   |  1- 3 |  4- 6 |  7- 9 || total
-------------------------+-------+-------+-------++-------
Melee: Unarmed           |    11 |       |       ||    11
       Dagger            |    19 |   210 |    87 ||   316
       Punch             |       |     1 |       ||     1
 Fire: Hunting sling     |       |       |     3 ||     3
Throw: Stone             |     3 |     7 |       ||    10
 Cast: Sandblast         |    38 |    26 |    32 ||    96
       Stone Arrow       |       |     2 |    32 ||    34
Evoke: Wand              |       |       |     1 ||     1
  Use: Scroll            |     4 |     1 |     5 ||    10
 Stab: Sleeping          |     1 |       |       ||     1
Armor: Robe              |     5 |    85 |    26 ||   116
       Ring mail         |       |     2 |    11 ||    13
Dodge: Dodged            |    18 |   113 |    68 ||   199
